AoeStats
← ecerva.27

Hideout

508881644Analyzed
1v1 RM · 8d ago on Sep 24, 2026· 25m 5s· 2 players
Game mode
Random Map
Map size
Tiny (2 player)
Population
200
Speed
Normal
Resources
Standard
Victory
Conquest
Starting age
Dark Age
Ending age
Imperial Age
RankedLock teamsTeams togetherTeam positionsShared explorationLock speedFull tech treeHidden civsTurbo modeCheats
Victory
Defeat
🇲🇽 Varangians · Mexico
1168
+16
🇩🇪 Saxons · Germany
1168
-16
ecerva.27
9:55 Feudal Age
14:23 Castle Age
13:20 Double-Bit Axe
17:40 Loom
18:12 Horse Collar
19:46 Bloodlines
Mann aus Sachsen
10:01 Feudal Age
10:01 Man-at-Arms
10:32 Horse Collar
10:37 Double-Bit Axe
12:02 Arson
14:06 Wheelbarrow
19:21 Castle Age
18:30 Scale Mail Armor
Connection lost

Rejoining the realm…

Still unreachable

The connection could not be restored.

Session expired

The server has moved on; the page needs a fresh start.